 Dungeon Crawl Stone Soup version 0.29.0-4-gdea44cf6ec (webtiles) character file.

Game seed: 2436949325250578516

31 qw the Chopper (level 3, -1/21 HPs)
             Began as a Tengu Warper on Aug 28, 2022.
             Slain by a gnoll
             ... wielding a +0 halberd
              (6 damage)
             ... on level 2 of the Dungeon.
             The game lasted 00:00:05 (999 turns).

qw the Chopper (Tengu Warper)                        Turns: 999, Time: 00:00:06

Health: -1/21      AC:  5    Str: 13    XL:     3   Next: 22%
Magic:  7/7        EV:  9    Int: 13    God:
Gold:   52         SH:  7    Dex: 13    Spells: 6/6 levels left

rFire   . . .      SeeInvis .   Y - +0 hand axe
rCold   . . .      Faith    .   h - +0 kite shield
rNeg    . . .      Spirit   .   f - +0 ring mail
rPois   .          Reflect  .   (helmet restricted)
rElec   .          Harm     .   (no cloak)
rCorr   .          Rampage  .   (no gloves)
Will    .....                   (boots unavailable)
Stlth   +.........              (no amulet)
HPRegen 0.07/turn               (no ring)
MPRegen 0.10/turn               (no ring)

@: no status effects
A: beak, talons 3
a: no special abilities


You were on level 2 of the Dungeon.
You visited 1 branch of the dungeon, and saw 2 of its levels.

You collected 52 gold pieces.


Innate Abilities, Weirdness & Mutations

You have a beak for a mouth.
You have claws for feet.


   Skills:
 - Level 2.0 Fighting
 - Level 3.8 Axes
 - Level 1.0 Throwing
 - Level 1.1 Armour
 - Level 2.1 Dodging
 + Level 0.4 Shields
 - Level 2.0 Spellcasting
 - Level 2.4 Translocations


You had 6 spell levels left.
You didn't know any spells.
Your spell library contained the following spells:

 Spells                   Type           Power      Damage    Failure   Level
 Blink                    Tloc           14%        N/A       75%         2
 Gell's Gravitas          Tloc           7%         N/A       92%         3
 Lesser Beckoning         Tloc           7%         N/A       92%         3
 Teleport Other           Tloc           7%         N/A       92%         3
 Manifold Assault         Tloc           7%         N/A       100%        5

Inventory:

Hand Weapons
 e - a +0 mace
 Y - a +0 hand axe (weapon)
Armour
 f - a +0 ring mail (worn)
 h - a +0 kite shield (worn)
Scrolls
 a - a scroll of teleportation {unknown}
 b - a scroll of silence {unknown}
Potions
 d - a potion of resistance {unknown}
 i - a potion of mutation {unknown}

Dungeon Overview and Level Annotations

Branches:
Dungeon (2/15)

Altars:
Dithmenos


Message History

The endoplasm quivers.
Enter note: You hit the endoplasm.
You claw the endoplasm.
You kill the endoplasm!
a - a scroll labelled DODDE EPNOT
b - a scroll labelled SYETWOANA QUIN
Found a shadowy altar of Dithmenos.
An endoplasm comes into view.
You hit the endoplasm. You claw the endoplasm.
You kill the endoplasm!
You hear a shout!
A gnoll comes into view. It is wielding a +0 whip.
The gnoll barely misses you.
You hear a shout! x2
You hit the gnoll but do no damage.
A bat comes into view.
The gnoll hits you with a +0 whip.
You hit the gnoll. Your kick misses the gnoll.
The gnoll is moderately wounded.
The gnoll hits you with a +0 whip.
You hit the gnoll. You claw the gnoll, but do no damage. You peck the gnoll.
The gnoll is severely wounded.
The bat barely misses you. The gnoll hits you with a +0 whip.
A gnoll comes into view. It is wielding a +0 halberd.
A hobgoblin comes into view.
The bat barely misses you.
The hobgoblin shouts!
You hit the gnoll. Your kick misses the gnoll.
The gnoll is severely wounded.
You closely miss the bat.
You hear an angry hiss.
The bat hits you but does no damage. The gnoll barely misses you.
You block the gnoll's attack. The gnoll hits you with a +0 whip!
A gnoll comes into view. It is wielding a +0 spear.
The gnoll barely misses you.
You barely miss the gnoll. Your kick misses the gnoll. You peck the gnoll.
You kill the gnoll!
The bat hits you but does no damage. x2
The gnoll hits you from afar with a +0 halberd.
You die...

......... #.
......... #.####
......... ......
#$....... .#....
#........ .....#
#######g.......
.....#
......#b)gg....
.....## #..@#
....%<### #...##
......%.####
#.#..########
.....##....#
#.##.##.....#
.....#####.#
#.##.##.....##
.....#
#.###.##.##.._...#
.....#
#.#...##.........#
..####
#......####......#
.#
#.......###.###..#


You could see 2 gnolls, a hobgoblin and a bat.

Vanquished Creatures
  A gnoll (D:2)
  3 ball pythons (D:1)
  3 bats (D:1)
  4 endoplasms
  3 giant cockroaches (D:1)
  3 goblins (D:1)
  A hobgoblin (D:1)
  2 quokkas
  A frilled lizard (D:1)
  3 kobolds (D:1)
  2 rats
26 creatures vanquished.

Notes
Turn   | Place    | Note
-------+----------+-------------------------------------------
     0 | D:1      | qw the Tengu Warper began the quest for the Orb.
     0 | D:1      | Reached XP level 1. HP: 12/12 MP: 4/4
     0 | D:1      | 0 ||| qw: Version: 0.1-a-89-g26bdef1
     0 | D:1      | 0 ||| qw: Game counter: 2554
     0 | D:1      | 0 ||| qw: Always use a shield: true
     0 | D:1      | 0 ||| qw: God list: Okawaru
     0 | D:1      | 0 ||| qw: Allow faded altars: false
     0 | D:1      | 0 ||| qw: Do Orc after D:15 true
     0 | D:1      | 0 ||| qw: Do second Lair branch before Depths: true
     0 | D:1      | 0 ||| qw: Lair rune preference: random
     0 | D:1      | 0 ||| qw: Plans: Normal
     0 | D:1      | 0 ||| PLANNING D:1-11
    23 | D:1      | 23 ||| Stepping ~*~*~tactically~*~*~ (stealth).
    24 | D:1      | 24 ||| Stepping ~*~*~tactically~*~*~ (stealth).
   106 | D:1      | 106 ||| Stepping ~*~*~tactically~*~*~ (stealth).
   118 | D:1      | Reached XP level 2. HP: 14/17 MP: 6/6
   200 | D:1      | Reached skill level 3 in Axes
   580 | D:1      | 580 ||| Stepping ~*~*~tactically~*~*~ (stealth).
   583 | D:1      | 583 ||| Stepping ~*~*~tactically~*~*~ (stealth).
   634 | D:1      | Reached XP level 3. HP: 21/21 MP: 7/7
   866 | D:1      | 866 ||| UPGRADING to +0 ring mail.
   876 | D:1      | 876 ||| DROPPING +0 leather armour.
   877 | D:1      | 877 ||| UPGRADING to +0 kite shield.
   882 | D:1      | 882 ||| READING scroll labelled MALASCHY BODD.
   883 | D:1      | 883 ||| DROPPING scroll of blinking.
   977 | D:2      | Found a shadowy altar of Dithmenos.
   998 | D:2      | HP: 5/21 [gnoll/+0 whip (7)]
   999 | D:2      | Slain by a gnoll

Levels and vault maps discovered:
D:1:      minmay_arrival_three_doors, layout_loops_ring
D:2:      layout_rooms, ebering_ecumenical_altar_rust, basic_altar,
          minmay_octomino_c4

Skill      XL: |  1  2 |
---------------+-------+-----
Axes           | 3 |  3.8
Fighting       | |  2.0
Throwing       | |  1.0
Armour         | |  1.1
Dodging        | |  2.1
Shields        | |  0.4
Spellcasting   | |  2.0
Translocations | |  2.4

Action                   || total
-------------------------++-------
Melee: Hand axe          ||    63
       Kick              ||    15
       Peck              ||     8
Throw: Boomerang         ||     7
  Use: Scroll            ||     1
Armor: Leather armour    ||    13
       Ring mail         ||     6
Dodge: Dodged            ||    37
Block: Kite shield       ||     3

Table legend:
 A = Non-vault XP
 B = Vault XP
 C = Vault XP percentage of total XP
 D = Non-vault monster count
 E = Vault monster count
 F = Vault count percentage of total count
                 A         B        C        D         E       F
            +---------+---------+-------+---------+---------+-------
      Total |      60 |       0 |   0.0 |      26 |       0 |   0.0
            +---------+---------+-------+---------+---------+-------
        D:1 |      38 |       0 |   0.0 |      21 |       0 |   0.0
        D:2 |      22 |       0 |   0.0 |       5 |       0 |   0.0
            +---------+---------+-------+---------+---------+-------
